 Dungeon Crawl Stone Soup version 0.30-a0-135-g630cfc4551 (webtiles) character file.

Game seed: 8343152872305460585

37 wilfster70 the Changer (level 3, 26/26 HPs)
             Began as a Demonspawn Transmuter on Sept 20, 2022.
             Was a Follower of Kikubaaqudgha.
             Quit the game on level 1 of the Dungeon on Sept 21, 2022.
             The game lasted 00:02:58 (2102 turns).

wilfster70 the Changer (Demonspawn Transmuter)      Turns: 2102, Time: 00:02:58

Health: 26/26      AC:  2    Str: 10    XL:     3   Next: 23%
Magic:  6/6        EV: 12    Int: 16    God:    Kikubaaqudgha [*.....]
Gold:   73         SH:  0    Dex: 13    Spells: 6/7 levels left

rFire   . . .      SeeInvis .      - Unarmed
rCold   . . .      Faith    .    (no shield)
rNeg    . . .      Spirit   .    a - +0 robe
rPois   .          Reflect  .    (no helmet)
rElec   .          Harm     .    (no cloak)
rCorr   .          Rampage  .    (no gloves)
Will    .....                    (no boots)
Stlth   +.........               (no amulet)
HPRegen 0.08/turn                (no ring)
MPRegen 0.10/turn                (no ring)

@: no status effects
A: weakness stinger 1
a: Renounce Religion, Unearth Wretches


You were on level 1 of the Dungeon.
You worshipped Kikubaaqudgha.
Kikubaaqudgha was aware of your devotion.
You visited 1 branch of the dungeon, and saw 1 of its levels.

You collected 73 gold pieces.

Inventory:

Missiles
 c - 14 stones
Armour
 a - a +0 robe (worn)
Jewellery
 e - a +6 ring of dexterity
Scrolls
 d - a scroll of poison {unknown}
 h - a scroll of identify {unknown}
Potions
 b - a potion of lignification
 f - a potion of ambrosia
 g - a potion of curing {unknown}


   Skills:
 - Level 1.0 Fighting
 - Level 1.7 Dodging
 - Level 2.6 Unarmed Combat
 + Level 2.5 Spellcasting
 * Level 3.0 Transmutations


You had 6 spell levels left.
You knew the following spells:

 Your Spells              Type           Power      Damage    Failure   Level
a - Beastly Appendage     Tmut           22%        N/A       6%          1

Your spell library contained the following spells:

 Spells                   Type           Power      Damage    Failure   Level
 Wereblood                Tmut           11%        N/A       9%          2
 Apportation              Tloc           4%         N/A       21%         1
 Necrotise                Necr           8%         1d4       21%         1
 Summon Small Mammal      Summ           8%         N/A       21%         1
 Sublimation of Blood     Necr           2%         N/A       30%         2
 Spider Form              Tmut/Pois      6%         N/A       32%         3
 Vampiric Draining        Necr           2%         2d6       52%         3
 Ice Form                 Ice/Tmut       6%         N/A       71%         4
 Animate Dead             Necr           2%         N/A       89%         4


Dungeon Overview and Level Annotations

Branches:
Dungeon (1/15)

Altars:
Kikubaaqudgha


Innate Abilities, Weirdness & Mutations

You have a small tail.


Message History

You feel sick.
You feel sick.
You feel sick.
Things that are here:
a +0 dagger of venom; a kobold corpse You feel sick.
You are no longer poisoned.
Things that are here:
a +0 dagger of venom; a kobold corpse
c - 14 stones (gained 4)
You see here a staff of cold.
You now have 73 gold pieces (gained 14).
You open the door.
There is an open door here.
You open the door.
A hobgoblin comes into view.
The hobgoblin shouts!
Found a faded altar of an unknown god.
The hobgoblin closely misses you.
You hit the hobgoblin.
You kill the hobgoblin!
There is an open door here.
There is a faded altar of an unknown god here.
There is an open door here.
There is an open door here.
Done exploring.
There is an open door here.
There is an open door here.
There is a faded altar of an unknown god here.
This altar belongs to (a) Kikubaaqudgha, (b) Ashenzari or (c) Hepliaklqana, but you can't tell which.
Press the corresponding letter to learn more about a god, or press enter to convert or escape to cancel.
Kikubaaqudgha accepts your prayer! Kikubaaqudgha welcomes you!
You can now bring forth the wretched and dying.
Kikubaaqudgha grants you a gift!
You add the spells Sublimation of Blood, Vampiric Draining and Animate Dead to your library.
Saving game... please wait.
Welcome back, wilfster70 the Demonspawn Transmuter.
Kikubaaqudgha says: Spread unending torment and darkness!
Press ? for a list of commands and other information.
Are you sure you want to abandon this character and quit the game? (Confirm with "yes".)

######.........#
##
##..............#
#.
#..##.#.........#
#.
#...............#
#.
#..#########....#
#.
#..#.......#....#
#.
#..#.......#.####
#. #..#..#'#..#.#
#. #..'..#@#..#.#
#. #..#..###..#.#
#. #..#.......#.#
#. #..#.......#.#
## #..#########.#
#............#
#.........####
###########


There were no monsters in sight!

Vanquished Creatures
  A dart slug (D:1)
  2 ball pythons (D:1)
  2 endoplasms (D:1)
  A giant cockroach (D:1)
  3 goblins (D:1)
  4 hobgoblins (D:1)
  4 jackals (D:1)
  5 kobolds (D:1)
  3 bats (D:1)
  5 frilled lizards (D:1)
  A rat (D:1)
31 creatures vanquished.

Notes
Turn   | Place    | Note
-------+----------+-------------------------------------------
     0 | D:1      | wilfster70 the Demonspawn Transmuter began the quest for
                  | the Orb.
     0 | D:1      | Reached XP level 1. HP: 15/15 MP: 3/3
   148 | D:1      | Reached skill level 2 in Transmutations
   460 | D:1      | Gained mutation: You have a small tail. [demonic ancestry]
   460 | D:1      | Reached XP level 2. HP: 6/21 MP: 3/5
  1359 | D:1      | Reached XP level 3. HP: 24/26 MP: 4/6
  1605 | D:1      | Reached skill level 3 in Transmutations
  2067 | D:1      | Found a faded altar of an unknown god.
  2101 | D:1      | Prayed at the altar of an unknown god.
  2101 | D:1      | Became a worshipper of Kikubaaqudgha
  2101 | D:1      | Reached * piety under Kikubaaqudgha
  2101 | D:1      | Received a gift from Kikubaaqudgha
  2102 | D:1      | Quit the game

Illustrated notes

Levels and vault maps discovered:
D:1:      matt_arrival_grand_opening, layout_basic,
          hellmonk_ecumenical_altar_inner_sanctum

Skill      XL: |  1  2  3 |
---------------+----------+-----
Transmutations | 2 3 |  3.0
Fighting       | |  1.0
Dodging        | |  1.7
Unarmed Combat | |  2.6
Spellcasting   | |  2.5

Action                   || total
-------------------------++-------
Melee: Unarmed           ||    83
       Kick              ||     9
       Headbutt          ||    10
       Tailslap          ||     8
       Punch             ||     2
 Cast: Beastly Appendage ||    16
  Use: Potion            ||     1
Armor: Robe              ||    14
Dodge: Dodged            ||    68

Table legend: (Time is in decaauts)
 A = Elapsed time spent in this place.
 B = Non-inter-level travel time spent in this place.
 C = Inter-level travel time spent in this place.
 D = Time resting spent in this place.
 E = Time spent auto-exploring this place.
 F = Levels seen in this place.
 G = Mean time per level.
                   A        B        C        D        E       F      G
               +--------+--------+--------+--------+--------+-----+--------+
         Total |   2098 |   2098 |      0 |    649 |    988 |   1 | 2098.0 |
       Dungeon |   2098 |   2098 |      0 |    649 |    988 |   1 | 2098.0 |
               +--------+--------+--------+--------+--------+-----+--------+

Top non-repeatable levels by time:
     D:1: 2098 daAuts
